AoeStats
← MattAtArms

Arabia

509686348Analyzed
1v1 RM · 5d ago on Sep 27, 2026· 33m 23s· 2 players
Game mode
Random Map
Map size
Tiny (2 player)
Population
200
Speed
Normal
Resources
Standard
Victory
Conquest
Starting age
Dark Age
Ending age
Imperial Age
RankedLock teamsTeams togetherTeam positionsShared explorationLock speedFull tech treeHidden civsTurbo modeCheats
Victory
Defeat
🇦🇷 Romans · Argentina
2404
+3
🇬🇧 Britons · United Kingdom
2009
-3
DS_VarVa
5:59 Loom
8:49 Feudal Age
9:18 Double-Bit Axe
11:11 Horse Collar
20:39 Castle Age
18:47 Fletching
19:35 Padded Archer Armor
20:58 Bloodlines
20:42 Elite Skirmisher
21:18 Bodkin Arrow
21:48 Bow Saw
22:22 Wheelbarrow
22:55 Leather Archer Armor
24:06 Ballistics
26:01 Scale Barding Armor
27:07 Chain Barding Armor
28:32 Forging
29:22 Husbandry
31:35 Gold Mining
MattAtArms
5:51 Loom
9:12 Feudal Age
9:18 Man-at-Arms
9:44 Double-Bit Axe
14:13 Fletching
20:25 Castle Age
19:03 Padded Archer Armor
18:58 Gold Mining
19:21 Padded Archer Armor
19:25 Horse Collar
21:03 Bodkin Arrow
20:32 Crossbowman
21:48 Bow Saw
23:02 Ballistics
25:57 Wheelbarrow
Connection lost

Rejoining the realm…

Still unreachable

The connection could not be restored.

Session expired

The server has moved on; the page needs a fresh start.